 Dungeon Crawl Stone Soup version 0.16-a0-296-gbdb9f68 (webtiles) character file.

88 Kashira the Gusty (level 4, -1/24 HPs)
             Began as a Tengu Air Elementalist on Aug 29, 2014.
             Slain by an adder (2 damage)
             ... on Level 2 of the Dungeon.
             The game lasted 00:05:35 (1559 turns).

Kashira the Gusty (Tengu Air Elementalist)          Turns: 1559, Time: 00:05:35

HP  -1/24        AC  2     Str  9      XL: 4   Next: 53%
MP   1/9         EV 13     Int 16      God:
Gold 108         SH  0     Dex 14      Spells:  1 memorised,  7 levels left

rFire  + . .     SeeInvis .     k - +0 quarterstaff
rCold  . . .     Clarity  .     a - +0 robe
rNeg   . . .     rCorr    .     (no shield)
rPois  .         rRot     .     (helmet restricted)
rElec  .         Spirit   .     (no cloak)
SustAb .         Warding  .     (no gloves)
rMut   .         Stasis   .     (boots unavailable)
Gourm  .                        (no amulet)
MR     .....                    (no ring)
                                o - ring of protection from fire

@: lethally poisoned, very slightly contaminated, hasted, very quick, not
resistant to hostile enchantments, unstealthy
A: beak, talons 3
a: no special abilities


You were on level 2 of the Dungeon.
You were not hungry.

You visited 1 branch of the dungeon, and saw 2 of its levels.

You collected 108 gold pieces.

Inventory:

Hand weapons
 f - a +0 club
 k - a +0 quarterstaff (weapon)
Armour
 a - a +0 robe (worn)
Comestibles
 c - 3 bread rations
 d - a slice of pizza
 i - 2 meat rations
Scrolls
 e - a scroll of fear {unknown}
 j - a scroll of teleportation
 l - a scroll of random uselessness {unknown}
 m - a scroll of identify {unknown}
 n - a scroll of remove curse {unknown}
Jewellery
 o - a ring of protection from fire (left hand)
Potions
 h - a potion of restore abilities
Books
 b - a book of Air

   Spells                             Type                      Level
   *Shock                             Conjuration/Air              1
   Swiftness                          Charms/Air                   2
   Repel Missiles                     Charms/Air                   2
   Flight                             Charms/Air                   3
   Static Discharge                   Conjuration/Air              3
   Lightning Bolt                     Conjuration/Air              5


   Skills:
 + Level 0.4 Maces & Flails
 + Level 2.6 Dodging
 + Level 2.1 Stealth
 + Level 2.5 Spellcasting
 + Level 3.1 Conjurations
 + Level 5.0 Air Magic


You had 7 spell levels left.
You knew the following spells:

 Your Spells              Type           Power        Failure   Level  Hunger
a - Shock                 Conj/Air       ###.         4%          1    #......


Dungeon Overview and Level Annotations

Branches:
Dungeon (2/15)

Altars:

Annotations:
D:2 Ijyb


Innate Abilities, Weirdness & Mutations

You have a beak for a mouth.
You have claws for feet.


Message History

Aiming: Shock
Press: ? - help, Shift-Dir - straight line, f/p - adder
Aim: an adder (lightly wounded)
The zap hits the adder.
The adder is moderately wounded.
* * * LOW HITPOINT WARNING * * *
You feel sick. The adder bites you.
* * * LOW HITPOINT WARNING * * *
The adder completely misses you.
Casting: Shock
Confirm with . or Enter, or press ? or * to list all spells.
You don't have enough magic to cast that spell.
Unknown command.
Drink which item? (? for menu, Esc to quit)
You feel refreshed.
It was a potion of restore abilities.
* * * LOW HITPOINT WARNING * * *
You feel sick. The adder bites you but does no damage.
Drink which item? (? for menu, Esc to quit)
You feel yourself speed up.
It was a potion of haste.
The adder bites you.
You die...

#... . #.#..
.. #.#.# ?.
#.#.# #.
#.#.# #
#.####
#>#.####.#
#....
#........ ...
#..#..# ##.##
##.....##
#.###.@.###.#
........#
#.....S.....#
##.##...#
#####...#####
#.##...#
##.##
##.##...# #.#
# ...##...#
..[....
.####[..#
###.####.# .#
#...#
#.....##.# .#
#...####.#
#.##.###


You could see an adder.

Vanquished Creatures
  Jessica (D:2)
  3 adders (D:2)
  A worm (D:2)
  A giant gecko (D:2)
  6 hobgoblins
  3 jackals (D:2)
  A kobold (D:1)
  7 bats
  2 giant cockroaches
  4 giant newts
  2 goblins (D:1)
  A quokka (D:1)
  6 rats
38 creatures vanquished.

Notes
Turn   | Place    | Note
--------------------------------------------------------------
     0 | D:1      | Kashira, the Tengu Air Elementalist, began the quest for the Orb.
     0 | D:1      | Reached XP level 1. HP: 10/10 MP: 3/3
   348 | D:1      | Reached XP level 2. HP: 15/15 MP: 1/5
  1100 | D:2      | Reached XP level 3. HP: 19/19 MP: 0/7
  1196 | D:2      | Noticed Jessica
  1369 | D:2      | Reached skill level 5 in Air Magic
  1369 | D:2      | Reached XP level 4. HP: 24/24 MP: 4/8
  1418 | D:2      | Killed Jessica
  1506 | D:2      | Noticed Ijyb
  1558 | D:2      | HP: 1/24 [poisoned by an adder]
  1559 | D:2      | Slain by an adder

Action                   |  1- 3 |  4- 6 || total
-------------------------+-------+-------++-------
Melee: Club              |    19 |       ||    19
       Unarmed           |     3 |       ||     3
       Quarterstaff      |       |     2 ||     2
 Cast: Shock             |    61 |    23 ||    84
  Use: Potion            |       |     2 ||     2
       Scroll            |       |     1 ||     1
  Eat: Chunk             |     2 |     1 ||     3
